 Dungeon Crawl Stone Soup version 0.31.0-1-g2c135a008e (webtiles) character file.

Game seed: 7710595667275741562

1280 qw the Shooter (level 8, -1/59 HPs)
             Began as a Djinni Hunter on Jan 23, 2024.
             Slain by an orc warrior
             ... wielding a +0 battleaxe
              (3 damage)
             ... on level 7 of the Dungeon.
             The game lasted 00:00:29 (5867 turns).

qw the Shooter (Djinni Hunter)                      Turns: 5867, Time: 00:00:30

Health: -1/59      AC:  7    Str: 10    XL:     8   Next: 84%
Gold:   234        EV: 12    Int: 10    God:
                   SH:  0    Dex: 20

rFire   + . .        a - +0 shortbow
rCold   . . .        (shield currently unavailable)
rNeg    . . .        d - +0 ring mail
rPois   inf          g - +1 helmet
rElec   .            (no cloak)
rCorr   .            (no gloves)
SInv    .            (boots unavailable)
Will    .....        (no amulet)
Stlth   +            i - ring of ice
HPRegen 0.29/turn    (no ring)
MPRegen 0.00/turn

%: infuse magic (-2 HP)
@: flying
A: sickness immunity, fire resistance 2, cold vulnerability 1, float, innate
caster, HP casting, extra vitality 1
a: no special abilities


You were on level 7 of the Dungeon.
You visited 1 branch of the dungeon, and saw 7 of its levels.

You collected 289 gold pieces.
You spent 55 gold pieces at shops.


Innate Abilities, Weirdness & Mutations

You are immune to sickness and miasma.
You are immune to poison.
Your flesh is very heat resistant. (rF++)
You are vulnerable to cold. (rC-)
You float through the air rather than walking.
You learn spells naturally, not from books.
Your magical power is your life essence.
You have superior vitality. (+4 MHP)


   Skills:
 - Level 5.1 Fighting
 + Level 7.1 Ranged Weapons
 - Level 2.4 Armour
 - Level 4.5 Dodging
 - Level 0.7 Stealth


You knew the following spells:

 Your Spells              Type           Power      Damage    Failure   Level
a - Sandblast             Erth           0%         2d4       67%         1
b - Call Imp              Summ           0%         N/A       80%         2
c - Static Discharge      Conj/Air       0%         3-3/arc   80%         2
Your spell library was empty.

Inventory:

Hand Weapons
 a - a +0 shortbow (weapon)
Armour
 d - a +0 ring mail (worn)
 g - a +1 helmet (worn)
Jewellery
 b - a ring of fire
 i - a ring of ice (left hand)
Wands
 f - a wand of roots (18)
 j - a wand of polymorph (28)
 l - a wand of mindburst (6)
Potions
 h - a potion of lignification {unknown}
 k - a potion of might {unknown}
 m - a potion of attraction {unknown}
 n - a potion of resistance
 o - a potion of curing

Dungeon Overview and Level Annotations

Branches:
Dungeon (7/15)             Temple (0/1) D:7

Altars:
Dithmenos
Gozag
Uskayaw
Zin

Shops:
D:5 ((*(

Annotations:
D:7 qw's ghost, novice GrHu


Message History

You shoot an arrow. The arrow hits the orc warrior.
The orc warrior is moderately wounded.
The orc warrior hits you with a +0 battleaxe.
You shoot an arrow.
The arrow hits the orc warrior but does no damage.
The orc warrior is moderately wounded.
An orc priest comes into view. It is wielding a +0 club.
The orc warrior hits you with a +0 battleaxe!
You shoot an arrow. The arrow hits the orc warrior!
The orc warrior is severely wounded.
The orc priest miscasts a cantrip.
The orc warrior closely misses you.
You shoot an arrow. The arrow hits the orc warrior.
The orc warrior is severely wounded.
You shoot an arrow.
The arrow hits the orc warrior but does no damage.
The orc warrior is severely wounded.
The orc priest mumbles some strange prayers to Beogh against you.
Beogh smites you! The orc warrior misses you.
The orc warrior barely misses you.
The orc priest calls down the wrath of Beogh upon you.
Something hits you but does no damage.
You shoot an arrow.
The arrow hits the orc warrior but does no damage.
The orc warrior is severely wounded.
The orc priest hits you with a +0 club. Something hits you.
The orc warrior hits you with a +0 battleaxe!
You shoot an arrow. The arrow hits the orc warrior.
The orc warrior is severely wounded.
The orc priest hits you with a +0 club.
You hear some strange, mumbled words.
A magic dart appears from out of thin air!
The magic dart hits you! The orc warrior barely misses you.
You shoot an arrow.
The arrow closely misses the orc warrior.
The orc priest hits you but does no damage.
You hear some strange, mumbled words.
A puff of flame appears from out of thin air!
The puff of flame hits you. You resist.
The orc warrior hits you with a +0 battleaxe.
You die...

###### #..).# #....#
################....####
........................
.#o@o...####....####
#.....#{###.# ######
.8.>. #o# #.# .... #K#
#.# .#. #.# #.# .. #.#
#.# #### # #)# #.# #...
#.# ... .... ...#


You could see an orc warrior, 2 orc priests and a kobold.

Vanquished Creatures
  Sigmund (D:4)
  Edmund (D:6)
  An ice beast (D:7)
  2 ogres
  A bullfrog (D:6)
  3 scorpions
  A howler monkey (D:5)
  A bombardier beetle (D:5)
  An orc priest (D:7)
  2 jellies
  2 sleepcaps (D:4)
  4 iguanas
  2 orc wizards (D:6)
  6 adders
  2 shadow imps
  A white imp (D:5)
  4 dart slugs
  2 ribbon worms
  8 orcs
  3 ball pythons
  11 endoplasms
  6 giant cockroaches
  6 goblins
  2 hobgoblins
  3 jackals (D:1)
  A quokka (D:2)
  3 bats
  2 frilled lizards (D:1)
  7 kobolds
  4 rats
93 creatures vanquished.

Notes
Turn   | Place    | Note
-------+----------+-------------------------------------------
     0 | D:1      | qw the Djinni Hunter began the quest for the Orb.
     0 | D:1      | Reached XP level 1. HP: 18/18 MP: 0/0
     0 | D:1      | 0 ||| qw: Version: 0.3-a-132-g3d54051
     0 | D:1      | 0 ||| qw: Game counter: 581
     0 | D:1      | 0 ||| qw: Melee chars always use a shield: true
     0 | D:1      | 0 ||| qw: God list: Okawaru
     0 | D:1      | 0 ||| qw: Allow faded altars: false
     0 | D:1      | 0 ||| qw: Do Orc after clearing Dungeon:15 true
     0 | D:1      | 0 ||| qw: Do second Lair branch before Depths: true
     0 | D:1      | 0 ||| qw: Lair rune preference: random
     0 | D:1      | 0 ||| qw: Goals: Normal
     0 | D:1      | 0 ||| PLANNING D:1-11
   129 | D:1      | Reached XP level 2. HP: 23/23 MP: 0/0
   437 | D:1      | Reached skill level 4 in Ranged Weapons
   437 | D:1      | Reached XP level 3. HP: 28/28 MP: 0/0
   437 | D:1      | Learned a level 1 spell: Sandblast
   771 | D:1      | 771 ||| READING 3 scrolls labelled HISOPA VAZXE.
   771 | D:1      | 771 ||| IDENTIFYING ruby potion
   772 | D:1      | 772 ||| READING 2 scrolls of identify.
   772 | D:1      | 772 ||| IDENTIFYING 3 red potions
   773 | D:1      | 773 ||| READING scroll of identify.
   773 | D:1      | 773 ||| IDENTIFYING 3 smoky black potions
   774 | D:1      | 774 ||| READING scroll labelled CIXZOS AFOAL.
   875 | D:1      | 875 ||| DROPPING scroll of butterflies.
   876 | D:1      | 876 ||| DROPPING 3 potions of degeneration.
   877 | D:1      | 877 ||| DROPPING potion of invisibility.
  1290 | D:2      | Reached XP level 4. HP: 34/34 MP: 0/0
  1294 | D:2      | Reached skill level 3 in Fighting
  1475 | D:2      | 1475 ||| UPGRADING to +0 ring mail.
  1485 | D:2      | 1485 ||| DROPPING +0 leather armour.
  1486 | D:2      | 1486 ||| READING scroll labelled ADURCH FOOCETWA.
  1486 | D:2      | 1486 ||| ENCHANTING +0 shortbow.
  1539 | D:3      | Found a shadowy altar of Dithmenos.
  1540 | D:3      | Found an opulent altar of Gozag.
  1667 | D:3      | Reached skill level 1 in Armour
  1667 | D:3      | 1667 ||| FLEEEEING.
  1855 | D:3      | Identified the +7 war axe of Abuse {venom, rPois rN+ Int+6
                  | Stlth-}
  1917 | D:3      | Reached XP level 5. HP: 40/40 MP: 0/0
  1917 | D:3      | Learned a level 2 spell: Call Imp
  2040 | D:3      | 2040 ||| FLEEEEING.
  2171 | D:3      | 2171 ||| UPGRADING to +0 helmet.
  2176 | D:3      | 2176 ||| READING scroll of enchant armour.
  2176 | D:3      | 2176 ||| ENCHANTING +0 helmet.
  2177 | D:3      | 2177 ||| READING scroll of identify.
  2177 | D:3      | 2177 ||| IDENTIFYING sedimented silvery potion
  2178 | D:3      | 2178 ||| READING scroll labelled VINTUA SIBRY.
  2179 | D:3      | 2179 ||| DROPPING potion of brilliance.
  2440 | D:4      | Found an opulent altar of Gozag.
  3019 | D:4      | 3019 ||| UPGRADING to ring of ice.
  3020 | D:4      | 3020 ||| READING scroll of identify.
  3020 | D:4      | 3020 ||| IDENTIFYING metallic ruby potion
  3021 | D:4      | 3021 ||| DRINKING 2 blue potions.
  3022 | D:4      | 3022 ||| DROPPING potion of magic.
  3031 | D:5      | Entered Level 5 of the Dungeon
  3031 | D:5      | Noticed Sigmund
  3031 | D:5      | Noticed an ogre
  3032 | D:5      | 3032 ||| STAIRDANCE
  3045 | D:4      | 3045 ||| FLEEEEING.
  3047 | D:4      | 3047 ||| STAIRDANCE
  3115 | D:5      | 3115 ||| STAIRDANCE
  3122 | D:4      | Killed an ogre
  3123 | D:4      | Reached skill level 5 in Ranged Weapons
  3123 | D:4      | Reached XP level 6. HP: 14/46 MP: 0/0
  3123 | D:4      | 3123 ||| FLEEEEING.
  3125 | D:4      | 3125 ||| STAIRDANCE
  3253 | D:5      | 3253 ||| STAIRDANCE
  3264 | D:4      | Reached skill level 3 in Dodging
  3264 | D:4      | 3264 ||| FLEEEEING.
  3266 | D:4      | 3266 ||| STAIRDANCE
  3393 | D:5      | 3393 ||| STAIRDANCE
  3395 | D:4      | 3395 ||| FLEEEEING.
  3397 | D:4      | 3397 ||| STAIRDANCE
  3461 | D:5      | 3461 ||| STAIRDANCE
  3463 | D:4      | 3463 ||| DRINKING 3 potions of curing.
  3463 | D:4      | 3463 ||| (to cure confusion)
  3469 | D:5      | 3469 ||| STAIRDANCE
  3471 | D:4      | 3471 ||| DRINKING 2 potions of curing.
  3471 | D:4      | 3471 ||| (to cure confusion)
  3478 | D:5      | 3478 ||| FLEEEEING.
  3479 | D:5      | 3479 ||| STAIRDANCE
  3481 | D:4      | 3481 ||| DRINKING potion of curing.
  3481 | D:4      | 3481 ||| (to cure confusion)
  3485 | D:5      | 3485 ||| STAIRDANCE
  3489 | D:4      | 3489 ||| FLEEEEING.
  3490 | D:4      | 3490 ||| STAIRDANCE
  3564 | D:4      | 3564 ||| STAIRDANCE
  3566 | D:3      | 3566 ||| FLEEEEING.
  3618 | D:4      | Killed Sigmund
  3619 | D:4      | Reached XP level 7. HP: 53/53 MP: 0/0
  3619 | D:4      | Learned a level 2 spell: Static Discharge
  3650 | D:5      | Found a glowing silver altar of Zin.
  3712 | D:5      | Found Soemag's Assorted Antiques.
  3718 | D:5      | 3718 ||| BUYING pink potion (26 gold).
  3718 | D:5      | Bought a pink potion for 26 gold pieces
  3718 | D:5      | 3718 ||| BUYING scroll labelled TEKLIPYNOOKH (29 gold).
  3718 | D:5      | Bought a scroll labelled TEKLIPYNOOKH for 29 gold pieces
  3784 | D:5      | Found Pecko's Antique Weapon Shop.
  3830 | D:5      | Found Dufuhaur's Weapon Boutique.
  3905 | D:5      | 3905 ||| FLEEEEING.
  3958 | D:5      | Reached skill level 6 in Ranged Weapons
  3958 | D:5      | 3958 ||| FLEEEEING.
  3964 | D:5      | 3964 ||| STAIRDANCE
  3988 | D:4      | 3988 ||| READING scroll labelled OTEIDI TOMEF.
  3989 | D:4      | 3989 ||| READING scroll labelled TEKLIPYNOOKH.
  3990 | D:4      | 3990 ||| DRINKING 2 murky blue potions.
  4018 | D:5      | Found Fuufin's Antique Weapon Boutique.
  4232 | D:5      | 4232 ||| FLEEEEING.
  4453 | D:5      | 4453 ||| READING scroll labelled QUSIUF GEK.
  4454 | D:5      | 4454 ||| FLEEEEING.
  4458 | D:5      | 4458 ||| STAIRDANCE
  4462 | D:4      | 4462 ||| STAIRDANCE
  4611 | D:6      | 4611 ||| STAIRDANCE
  4613 | D:5      | 4613 ||| FLEEEEING.
  4688 | D:6      | Reached XP level 8. HP: 29/58 MP: 0/0
  4690 | D:6      | HP: 11/58 [ogre/+0 giant club (19)]
  4691 | D:6      | 4691 ||| DRINKING potion of heal wounds.
  4695 | D:6      | 4695 ||| FLEEEEING.
  4699 | D:6      | 4699 ||| STAIRDANCE
  5050 | D:6      | 5050 ||| FLEEEEING.
  5150 | D:6      | Identified the staff "Camet" {rPois rF+ Fire Earth Alchemy}
  5155 | D:6      | Found a hide-covered altar of Uskayaw.
  5197 | D:6      | Identified the +6 rapier "Ridaly" {distort, rCorr Dex+3
                  | SInv}
  5254 | D:6      | Noticed Edmund
  5268 | D:6      | HP: 8/58 [Edmund/+2 flail of pain (7)]
  5271 | D:6      | Killed Edmund
  5472 | D:6      | Reached skill level 7 in Ranged Weapons
  5510 | D:6      | 5510 ||| READING scroll labelled YMOPLIAJ YTOE.
  5511 | D:6      | 5511 ||| READING 2 scrolls labelled ACEKKA REKHLURI.
  5512 | D:6      | 5512 ||| DROPPING scroll of immolation.
  5555 | D:7      | 5555 ||| FLEEEEING.
  5556 | D:7      | 5556 ||| STAIRDANCE
  5721 | D:7      | 5721 ||| FLEEEEING.
  5760 | D:7      | Noticed a centaur warrior
  5762 | D:7      | Noticed qw's ghost (novice GrHu)
  5847 | D:7      | Found a staircase to the Ecumenical Temple.
  5848 | D:7      | 5848 ||| PLANNING TEMPLE
  5866 | D:7      | HP: 13/59 [orc priest/+0 club (4)]
  5866 | D:7      | HP: 5/59 [something/magic dart (8)]
  5867 | D:7      | HP: 2/59 [something/puff of flame (3)]
  5867 | D:7      | Slain by an orc warrior

Levels and vault maps discovered:
D:1:      dpeg_arrival_tiny_f, layout_basic
D:2:      layout_basic
D:3:      layout_loops_ring, nicolae_overflow_two_pavilions
D:4:      layout_gridville, kennysheep_diamond
D:5:      layout_loops_ring, mainiacjoe_overflow_24_doors, serial_shops,
          nicolae_shop_window_shopping, shop, nicolae_shop_stone,
          nicolae_shop_bloodbath_and_beyond, uniq_sigmund
D:6:      layout_rooms, eat_drink_and_be_merry_uskayaw, serial_bayou_ford_a,
          kennysheep_generic_room_10, uniq_edmund
D:7:      layout_basic, minmay_temple_entry_statues_pillars,
          gammafunk_ghost_arena

Skill      XL: |  1  2  3  4  5  6  7  8 |
---------------+-------------------------+-----
Ranged Weapons | 4 5 6 7 |  7.1
Fighting       | 3 4 5 |  5.1
Armour         | 1 2 |  2.4
Dodging        | 3 4 |  4.5
Stealth        | |  0.7

Action                     |  1- 3 |  4- 6 |  7- 9 || total
---------------------------+-------+-------+-------++-------
   Fire: Shortbow          |    88 |   158 |   200 ||   446
    Use: Scroll            |     4 |     5 |     5 ||    14
         Potion            |       |     4 |     2 ||     6
 Armour: Leather armour    |    13 |     3 |       ||    16
         Ring mail         |       |    57 |    89 ||   146
  Dodge: Dodged            |    21 |    46 |    68 ||   135

Table legend:
 A = Non-vault XP
 B = Vault XP
 C = Vault XP percentage of total XP
 D = Non-vault monster count
 E = Vault monster count
 F = Vault count percentage of total count
                 A         B        C        D         E       F
            +---------+---------+-------+---------+---------+-------
      Total |    1458 |     371 |  20.3 |      91 |       2 |   2.2
            +---------+---------+-------+---------+---------+-------
        D:1 |      44 |       0 |   0.0 |      24 |       0 |   0.0
        D:2 |      47 |       0 |   0.0 |      13 |       0 |   0.0
        D:3 |      67 |       0 |   0.0 |      15 |       0 |   0.0
        D:4 |     243 |     214 |  46.8 |      12 |       1 |   7.7
        D:5 |     290 |       0 |   0.0 |       9 |       0 |   0.0
        D:6 |     514 |     157 |  23.4 |      13 |       1 |   7.1
        D:7 |     253 |       0 |   0.0 |       5 |       0 |   0.0
            +---------+---------+-------+---------+---------+-------
